 Dungeon Crawl Stone Soup version 0.31.0-12-g77e489cdc1 (webtiles) character file.

Game seed: 13647256465761347368

638 Gadfly the Insei (level 7, -5/52 HPs)
             Began as a Demonspawn Monk on Feb 13, 2024.
             Slain by a two-headed ogre
             ... wielding a +0 giant spiked club
              (21 damage)
             ... on level 5 of the Dungeon.
             The game lasted 00:07:20 (4173 turns).

Gadfly the Insei (Demonspawn Monk)                  Turns: 4173, Time: 00:07:23

Health: -5/52      AC:  3    Str: 13    XL:     7   Next: 25%
Magic:  7/7        EV: 13    Int: 10    God:
Gold:   243        SH:  0    Dex: 16    Spells: 3/6 levels left

rFire   . . .        b - +4 dagger (venom)
rCold   . . .        c - orb {light}
rNeg    . . .        a - +1 robe
rPois   .            (no helmet)
rElec   .            (no cloak)
rCorr   .            (no gloves)
SInv    .            (no boots)
Will    .....        (no amulet)
Stlth   +            (no ring)
HPRegen 0.28/turn    (no ring)
MPRegen 0.10/turn

%: no passive effects
@: glowing
A: demonic guardian 2
a: no special abilities


You were on level 5 of the Dungeon.
You visited 1 branch of the dungeon, and saw 5 of its levels.

You collected 243 gold pieces.

Inventory:

Hand Weapons
 b - a +4 dagger of venom (weapon)
 l - a +0 falchion
 m - a +3 vampiric mace
Armour
 a - a +1 robe (worn)
 c - an orb of light (worn)
Jewellery
 n - a +6 ring of dexterity
Wands
 o - a wand of roots (11) (quivered)
Scrolls
 h - a scroll of poison
 j - a scroll of fear
 k - a scroll of enchant armour
Potions
 d - a potion of heal wounds
 f - a potion of curing
 g - a potion of berserk rage


   Skills:
 * Level 3.0 Fighting
 * Level 3.7 Dodging
 * Level 4.6 Unarmed Combat
 - Level 4.0 Evocations
 * Level 3.2 Shapeshifting


You had 3 spell levels left.
You knew the following spells:

 Your Spells              Type           Power      Damage    Failure   Level
a - Blink                 Tloc           0%         N/A       50%         2
b - Apportation           Tloc           0%         N/A       36%         1

Your spell library contained the following spells:

 Spells                   Type           Power      Damage    Failure   Level
 Necrotise                Necr           0%         1d4       36%         1
 Slow                     Hex            0%         N/A       36%         1
 Sting                    Conj/Alch      0%         1d3       36%         1
 Summon Small Mammal      Summ           0%         N/A       36%         1
 Lesser Beckoning         Tloc           0%         N/A       50%         2
 Momentum Strike          Conj/Tloc      0%         3d8       50%         2
 Confusing Touch          Hex            0%         N/A       75%         3
 Sigil of Binding         Hex            0%         N/A       75%         3
 Vampiric Draining        Necr           0%         2d6       75%         3


Dungeon Overview and Level Annotations

Branches:
Dungeon (5/15)
 Temple: D:4-7

Altars:
Cheibriados
Dithmenos
Sif Muna
Uskayaw


Innate Abilities, Weirdness & Mutations

A demonic guardian rushes to your aid.


Message History

No target in view!
No target in view!
No target in view!
No target in view!
No target in view!
No target in view!
No target in view!
No target in view!
HP restored.
You now have 243 gold pieces (gained 11).
An adder comes into view.
An adder is nearby!
The adder closely misses you.
You hit the adder but do no damage.
The adder is poisoned.
The adder bites you.
You hit the adder.
The adder is moderately wounded.
The adder bites you. The adder misses you.
You closely miss the adder.
The adder is heavily wounded.
The adder bites you.
You hit the adder.
You kill the adder!
No target in view!
No target in view!
No target in view!
Okay, then.
You see here an adder corpse.
A two-headed ogre comes into view.
It is wielding a +0 giant spiked club and a +0 giant club.
The two-headed ogre shouts in stereo!
A two-headed ogre is nearby!
A two-headed ogre is nearby!
A two-headed ogre is nearby!
You hit the two-headed ogre.
The two-headed ogre is poisoned.
The two-headed ogre is lightly wounded.
A ribbon worm comes into view.
The two-headed ogre hits you with a +0 giant spiked club!!!
Ouch! That really hurt!
A demonic guardian appears!
The two-headed ogre hits you with a +0 giant club!!
You die...

#### ##.
########..#####.. ###
##.....##......#..
###..##......†......†...
.........##.........#...
........##.........#####
......#..###......##
#.....#.####......#
.......@O4##..#...#
.....####..#........##
.... .........#.... ....
...#w #...# .. ...#
#....# . ..# ...#.. ...
##.#.. #..... ##....


You could see a two-headed ogre (very poisoned, ally target), a ribbon worm and
a friendly orange demon (summoned).

Vanquished Creatures
  Grinder (D:3)
  A hound (D:4)
  2 orc priests (D:4)
  An iguana (D:5)
  Ijyb (D:3)
  A sleepcap (D:4)
  Natasha (thrice) (D:4)
  9 adders
  4 dart slugs
  A ribbon worm (D:2)
  4 orcs
  4 bats
  3 endoplasms
  2 giant cockroaches
  3 goblins
  6 hobgoblins
  5 jackals
  8 kobolds
  3 quokkas (D:3)
  11 ball pythons
  A frilled lizard (D:2)
  3 rats
77 creatures vanquished.

Vanquished Creatures (collateral kills)
  Terence (D:3)
  An adder (D:3)
  A bat (D:2)
3 creatures vanquished.

Grand Total: 80 creatures vanquished

Notes
Turn   | Place    | Note
-------+----------+-------------------------------------------
     0 | D:1      | Gadfly the Demonspawn Monk began the quest for the Orb.
     0 | D:1      | Reached XP level 1. HP: 18/18 MP: 1/1
   126 | D:1      | Gained mutation: A weak demonic guardian rushes to your
                  | aid. [demonic ancestry]
   126 | D:1      | Reached XP level 2. HP: 6/24 MP: 2/2
   326 | D:1      | Reached skill level 1 in Evocations
   786 | D:2      | Reached skill level 1 in Shapeshifting
   788 | D:2      | Reached XP level 3. HP: 15/29 MP: 3/3
  1121 | D:2      | Gained mutation: A demonic guardian rushes to your aid.
                  | [demonic ancestry]
  1121 | D:2      | Reached XP level 4. HP: 35/35 MP: 4/4
  1455 | D:2      | Learned a level 2 spell: Blink
  1503 | D:3      | Found a snail-covered altar of Cheibriados.
  1572 | D:3      | Found a faded altar of an unknown god.
  1717 | D:3      | Found a shimmering blue altar of Sif Muna.
  1758 | D:3      | Learned a level 1 spell: Apportation
  2064 | D:3      | Found a hide-covered altar of Uskayaw.
  2199 | D:3      | Noticed Terence
  2210 | D:3      | Killed Terence
  2211 | D:3      | Reached XP level 5. HP: 26/41 MP: 5/5
  2285 | D:3      | Noticed Grinder
  2286 | D:3      | Found a shadowy altar of Dithmenos.
  2290 | D:3      | Paralysed by Grinder for 5 turns
  2302 | D:3      | Killed Grinder
  2303 | D:3      | Reached XP level 6. HP: 29/47 MP: 6/6
  2455 | D:3      | Noticed Ijyb
  2465 | D:3      | Killed Ijyb
  2853 | D:4      | Noticed Natasha
  2862 | D:4      | Killed Natasha
  3307 | D:4      | Reached XP level 7. HP: 15/52 MP: 7/7
  3464 | D:4      | Noticed Natasha
  3475 | D:4      | Killed Natasha
  3748 | D:4      | Noticed Natasha
  3756 | D:4      | Killed Natasha
  3981 | D:5      | Entered Level 5 of the Dungeon
  4170 | D:5      | Noticed a two-headed ogre
  4173 | D:5      | Slain by a two-headed ogre

Illustrated notes

Levels and vault maps discovered:
D:1:      zelgadis_glass_arrival_small, layout_rooms, minivault_25,
          kennysheep_doodads, lemuel_flame_loot_1
D:2:      layout_rooms
D:3:      layout_basic, nicolae_uskayaw_suspiria, mainiacjoe_overflow_boulevard,
          lemuel_crystal_altar, mainiacjoe_overflow_cross_hatched,
          mainiacjoe_overflow_brackets, chequers_ecumenical_altar_simple,
          uniq_grinder, uniq_terence, uniq_ijyb
D:4:      layout_loops_corners, uniq_natasha
D:5:      layout_cave_pools, makhleb_heckhound_becter, minmay_lizard_king

Skill      XL: |  1  2  3  4  5  6  7 |
---------------+----------------------+-----
Evocations     | 1 2 3 4 |  4.0
Unarmed Combat | 3 4 |  4.6
Shapeshifting  | 1 2 3 |  3.2
Dodging        | 3 |  3.7
Fighting       | |  3.0

Action                     |  1- 3 |  4- 6 |  7- 9 || total
---------------------------+-------+-------+-------++-------
  Melee: Unarmed           |    30 |       |       ||    30
         Dagger            |    45 |   111 |    37 ||   193
   Cast: Apportation       |       |     7 |       ||     7
         Blink             |       |     1 |       ||     1
    Use: Potion            |     1 |     1 |     1 ||     3
         Scroll            |     2 |     9 |     2 ||    13
 Armour: Robe              |    49 |    70 |    20 ||   139
  Dodge: Dodged            |    57 |    74 |    22 ||   153
